 Dungeon Crawl Stone Soup version 0.18.1-8-gdd0e5ea (webtiles) character file.

207 Krapule the Sneak (level 5, -3/35 HPs)
             Began as a Vampire Enchanter on May 29, 2016.
             Killed from afar by Dowan (20 damage)
             ... with a shard of ice
             ... on level 4 of the Dungeon.
             The game lasted 00:15:59 (1929 turns).

Krapule the Sneak (Vampire Enchanter)               Turns: 1929, Time: 00:16:00

Health: -3/35      AC:  4    Str:  7    XL:     5   Next: 54%
Magic:  3/9        EV: 13    Int: 18    God:
Gold:   92         SH:  0    Dex: 15    Spells: 3 memorised, 2 levels left

rFire  + . .     SeeInvis +     b - +1 short sword (venom)
rCold  . . .     Gourm    .     l - +1 robe
rNeg   . . .     Faith    .     (no shield)
rPois  .         Spirit   .     (no helmet)
rElec  .         Dismiss  .     m - +0 cloak
rCorr  .         Reflect  .     (no gloves)
SustAt .         Harm     .     (no boots)
MR     .....                    (no amulet)
Stlth  ++++......               r - ring of protection from fire
                                (no ring)

@: regenerating quickly, not resistant to hostile enchantments, stealthy
A: fangs 3, see invisible, unbreathing
a: no special abilities


You were on level 4 of the Dungeon.
You were very full.

You visited 1 branch of the dungeon, and saw 4 of its levels.

You collected 92 gold pieces.

Inventory:

Hand Weapons
 a - a +1 short sword of electrocution
 b - a +1 short sword of venom (weapon)
 s - a +1 dagger
Armour
 l - a +1 robe (worn)
 m - a +0 cloak (worn)
Jewellery
 q - an uncursed ring of fire
 r - a ring of protection from fire (right hand)
Wands
 o - a wand of paralysis (24/24)
Scrolls
 h - 3 scrolls of remove curse {unknown}
 i - 3 scrolls of identify {unknown}
 k - 2 scrolls of fog
Potions
 d - a potion of blood
 e - 2 potions of curing
 f - a potion of degeneration {unknown}
 g - a potion of haste {unknown}
 j - a potion of agility {unknown}
Books
 c - a book of Maledictions

   Spells                             Type                      Level
   a - Corona                         Hexes                        1
   b - Ensorcelled Hibernation        Hexes/Ice                    2
   c - Confuse                        Hexes                        3
   d - Tukima's Dance                 Hexes                        3
   e - Dazzling Spray                 Conjuration/Hexes            3


   Skills:
 + Level 2.8 Short Blades
 + Level 3.4 Dodging
 + Level 5.8 Stealth
 + Level 2.9 Spellcasting
 + Level 5.7 Hexes


You had 2 spell levels left.
You knew the following spells:

 Your Spells              Type           Power        Failure   Level  Hunger
a - Corona                Hex            ###....      1%          1    None
b - Confuse               Hex            ###.....     6%          3    ###....
c - Tukima's Dance        Hex            ###.....     6%          3    ###....


Dungeon Overview and Level Annotations

Branches:
Dungeon (3/15)

Altars:

Annotations:
D:4 Dowan


Innate Abilities, Weirdness & Mutations

Your natural rate of healing is unusually fast.
You have razor-sharp teeth.
You have supernaturally acute eyesight.
You can survive without breathing.


Message History

Dowan is moderately wounded.
Dowan says, "Magic will overcome all!"
Dowan hits you but does no damage.
You hit Dowan but do no damage.
Dowan looks even sicker.
Dowan is heavily wounded.
Dowan barely misses you.
Dowan zaps a wand.
The puff of flame misses you.
You hit Dowan.
Dowan looks even sicker.
Dowan is heavily wounded.
Dowan hits you but does no damage.
You closely miss Dowan. You bite Dowan, but do no damage.
Dowan is severely wounded.
Dowan hits you with a dagger.
You hit Dowan but do no damage.
Dowan is severely wounded.
Dowan gestures wildly while chanting.
Dowan blinks!
Dowan zaps a wand.
The puff of flame misses you.
Dowan points at you and mumbles some strange words.
The shard of ice hits you!
Ouch! That really hurt!
You die...

#.# #.#######
#.#.....# #
#e#.###.##.###
#.#.#.#..........
#.....#.#########
####§.#.# #.....#÷#
#.@.#.#.# #.e.#.#.#
....##.#.##
#....###....########
#.#.# #.....†.....#
...#. ##...######.#
.## #. ##.## #.# ..
#.# #.# #.# #.#


You could see Dowan.

Vanquished Creatures
  A scorpion (D:4)
  2 adders
  2 dart slugs
  A giant gecko (D:4)
  A ball python (D:2)
  2 giant cockroaches (D:2)
  5 hobgoblins
  7 jackals
  5 bats
  4 giant newts
  7 goblins
  12 kobolds
  A rat (D:1)
50 creatures vanquished.

Vanquished Creatures (collateral kills)
  Duvessa (D:4)
1 creature vanquished.

Vanquished Creatures (others)
  A dancing weapon (D:4)
1 creature vanquished.

Grand Total: 52 creatures vanquished

Notes
Turn   | Place    | Note
--------------------------------------------------------------
     0 | D:1      | Krapule the Vampire Enchanter began the quest for the Orb.
     0 | D:1      | Reached XP level 1. HP: 13/13 MP: 3/3
   286 | D:1      | Reached XP level 2. HP: 14/19 MP: 3/5
  1004 | D:2      | Reached XP level 3. HP: 24/24 MP: 4/6
  1100 | D:2      | Learned a level 3 spell: Confuse
  1278 | D:2      | Reached skill level 5 in Hexes
  1507 | D:2      | Reached skill level 5 in Stealth
  1767 | D:3      | Reached XP level 4. HP: 30/30 MP: 3/7
  1779 | D:3      | Learned a level 3 spell: Tukima's Dance
  1814 | D:3      | You fall through a shaft!
  1878 | D:4      | Noticed Duvessa
  1897 | D:4      | Killed Duvessa
  1897 | D:4      | Reached XP level 5. HP: 22/35 MP: 0/9
  1909 | D:4      | Noticed Dowan
  1929 | D:4      | Killed from afar by Dowan

Skill      XL: |  1  2  3  4 |
---------------+-------------+-----
Hexes          | 5 |  5.7
Stealth        | 5 |  5.8
Short Blades   | 2 |  2.8
Dodging        | 3 |  3.4
Spellcasting   | |  2.9

Action                   |  1- 3 |  4- 6 || total
-------------------------+-------+-------++-------
Melee: Dagger            |   165 |     2 ||   167
       Bite              |    11 |     1 ||    12
       Short sword       |       |    16 ||    16
 Cast: Corona            |    13 |     1 ||    14
       Confuse           |     3 |     2 ||     5
       Tukima's Dance    |       |     1 ||     1
  Use: Scroll            |       |     5 ||     5
       Potion            |       |     1 ||     1
 Stab: Sleeping          |     9 |     4 ||    13
       Distracted        |     1 |       ||     1
       Confused          |     2 |       ||     2
  Eat: Corpse            |    16 |     2 ||    18
Armor: Robe              |    35 |     4 ||    39
Dodge: Dodged            |   108 |     7 ||   115
